 Dungeon Crawl Stone Soup version 0.31-a0-175-g9f7f995f2b (webtiles) character file.

Game seed: 8978890404922016500

49 qw the Chopper (level 3, -1/23 HPs)
             Began as a Gargoyle Fighter on June 17, 2023.
             Slain by Robin
             ... wielding a +0 dagger
              (2 damage)
             ... on level 2 of the Dungeon.
             The game lasted 00:00:36 (1368 turns).

qw the Chopper (Gargoyle Fighter)                   Turns: 1368, Time: 00:00:37

Health: -1/23      AC: 10    Str: 21    XL:     3   Next: 75%
Magic:  3/3        EV:  9    Int:  8    God:
Gold:   90         SH:  4    Dex:  9    Spells: 2/2 levels left

rFire   . . .        Y - +0 war axe
rCold   . . .        c - +0 buckler
rNeg    + . .        b - +0 scale mail
rPois   inf          (no helmet)
rElec   +            (no cloak)
rCorr   .            (no gloves)
SInv    .            (no boots)
Will    .....        (no amulet) Stlth
                     (no ring)
HPRegen 0.23/turn    (no ring)
MPRegen 0.08/turn

%: no passive effects
@: no status effects
A: sickness immunity, AC +3, negative energy resistance 1, electricity
resistance, torment resistance 1, petrification resistance
a: no special abilities


You were on level 2 of the Dungeon.
You visited 1 branch of the dungeon, and saw 2 of its levels.

You collected 90 gold pieces.


Innate Abilities, Weirdness & Mutations

You are immune to sickness and miasma.
Your stone body is resilient. (AC +3)
You are immune to poison.
You resist negative energy. (rN+)
You are resistant to electric shocks. (rElec)
You are resistant to unholy torment.
You are immune to petrification.


   Skills:
 - Level 3.2 Fighting
 + Level 3.6 Axes
 - Level 3.2 Armour
 - Level 3.2 Shields


You had 2 spell levels left.
You didn't know any spells.
Your spell library was empty.

Inventory:

Hand Weapons
 g - a +0 whip
 Y - a +0 war axe (weapon)
Missiles
 i - 3 boomerangs (quivered)
Armour
 b - a +0 scale mail (worn)
 c - a +0 buckler (worn)
Scrolls
 a - a scroll of enchant armour
 e - a scroll of identify {unknown}
Potions
 d - a potion of might
 f - 2 potions of haste
 h - a potion of attraction {unknown}
 j - a potion of curing {unknown}

Dungeon Overview and Level Annotations

Branches:
Dungeon (2/15)

Altars:

Annotations:
D:2 Robin


Message History

You slash the hobgoblin!
You kill the hobgoblin!
Robin throws the goblin at you! The goblin hits you but does no damage.
You hit Robin but do no damage. You hit the goblin.
The goblin no longer looks unusually strong.
Robin completely misses you. The goblin hits you but does no damage.
You barely miss the goblin.
The goblin is severely wounded.
You barely miss Robin.
The hobgoblin no longer looks unusually strong.
Robin hits you but does no damage. The goblin hits you but does no damage.
Robin barely misses you. The goblin hits you but does no damage.
You barely miss the goblin.
The goblin is severely wounded.
You hit Robin.
The hobgoblin no longer looks unusually strong.
Robin roars a battlecry!
The goblins go into a battle-frenzy!
The goblin hits you but does no damage.
You miss the goblin.
The goblin is severely wounded.
You barely miss Robin. Robin hits you but does no damage.
The goblin hits you with a +0 dagger.
You closely miss the goblin.
The goblin is severely wounded.
You barely miss Robin. You block Robin's attack.
The goblin hits you with a +0 dagger. Robin closely misses you.
The goblin hits you but does no damage.
You slash the goblin!
You kill the goblin!
You hit Robin but do no damage.
The hobgoblin no longer looks unusually strong.
The goblin no longer looks unusually strong.
Robin roars a battlecry!
The goblins go into a battle-frenzy!
You slash Robin!
Robin is almost dead.
Robin's bangles clink loudly.
Robin hits you with a +0 dagger.
You die...

#.# #.#####....# #.#
#.......#### #.#
######..# #.# #..#
#.# #..# #.# #..#
#.# #..#
#.############g.#
#..........)@ggg# ##
##############gg....
.. ..#.# #. ..# ##
..# .# #


You could see Robin, 4 hobgoblins and a goblin (strong).

Vanquished Creatures
  An adder (D:2)
  A dart slug (D:2)
  An endoplasm (D:1)
  2 giant cockroaches (D:2)
  9 goblins
  9 hobgoblins
  A jackal (D:1)
  2 kobolds (D:1)
  A quokka (D:1)
  A bat (D:1)
  2 frilled lizards (D:1)
  A rat (D:2)
31 creatures vanquished.

Notes
Turn   | Place    | Note
-------+----------+-------------------------------------------
     0 | D:1      | qw the Gargoyle Fighter began the quest for the Orb.
     0 | D:1      | Reached XP level 1. HP: 14/14 MP: 1/1
     0 | D:1      | 0 ||| qw: Version: 0.3-a-2-g5ab2908
     0 | D:1      | 0 ||| qw: Game counter: 337
     0 | D:1      | 0 ||| qw: Always use a shield: true
     0 | D:1      | 0 ||| qw: God list: Okawaru
     0 | D:1      | 0 ||| qw: Allow faded altars: false
     0 | D:1      | 0 ||| qw: Do Orc after D:15 true
     0 | D:1      | 0 ||| qw: Do second Lair branch before Depths: true
     0 | D:1      | 0 ||| qw: Lair rune preference: random
     0 | D:1      | 0 ||| qw: Plans: Normal, Zot:1-4, Slime:5, God:TSO, Crypt,
                  | Tomb, Abyss, Pan, Hells, Win
     0 | D:1      | 0 ||| PLANNING D:1-11
   185 | D:1      | 185 ||| FLEEEEING.
   283 | D:1      | Reached XP level 2. HP: 19/19 MP: 2/2
   318 | D:1      | 318 ||| Stepping ~*~*~tactically~*~*~ (stealth).
   487 | D:1      | 487 ||| Stepping ~*~*~tactically~*~*~ (stealth).
   893 | D:1      | 893 ||| READING 2 scrolls labelled XEFOIDGHOUSUE.
   894 | D:1      | 894 ||| READING 2 scrolls labelled WOBLEST WIWN.
   895 | D:1      | 895 ||| READING scroll labelled RAEQOE LYELEWN.
   905 | D:1      | 905 ||| DRINKING 3 yellow potions.
   906 | D:1      | 906 ||| DROPPING scroll of immolation.
  1015 | D:2      | Reached skill level 3 in Axes
  1112 | D:2      | Reached XP level 3. HP: 23/23 MP: 3/3
  1348 | D:2      | Noticed Robin
  1359 | D:2      | HP: 5/23 [hobgoblin[Robin] (6)]
  1365 | D:2      | HP: 1/23 [goblin/+0 dagger[Robin] (4)]
  1368 | D:2      | Slain by Robin

Levels and vault maps discovered:
D:1:      dpeg_arrival_brainrot, layout_basic
D:2:      layout_loops_ring, uniq_robin

Skill      XL: |  1  2 |
---------------+-------+-----
Axes           | 2 3 |  3.6
Fighting       | |  3.2
Armour         | |  3.2
Shields        | |  3.2

Action                     || total
---------------------------++-------
  Melee: War axe           ||    90
  Throw: Boomerang         ||    10
    Use: Scroll            ||     3
         Potion            ||     1
 Armour: Scale mail        ||    45
  Dodge: Dodged            ||    43
  Block: Buckler           ||    13

Table legend:
 A = Non-vault XP
 B = Vault XP
 C = Vault XP percentage of total XP
 D = Non-vault monster count
 E = Vault monster count
 F = Vault count percentage of total count
                 A         B        C        D         E       F
            +---------+---------+-------+---------+---------+-------
      Total |      54 |      16 |  22.9 |      23 |       8 |  25.8
            +---------+---------+-------+---------+---------+-------
        D:1 |      23 |       2 |   8.0 |      13 |       1 |   7.1
        D:2 |      31 |      14 |  31.1 |      10 |       7 |  41.2
            +---------+---------+-------+---------+---------+-------
